 Dungeon Crawl Stone Soup version 0.30.0-13-g156ef70053 (webtiles) character file.

Game seed: 229550226039357744

32 monsoonserge the Trooper (level 3, -1/40 HPs)
             Began as an Ogre Cinder Acolyte on May 18, 2023.
             Was a High Priest of Ignis.
             Slain by Terence
             ... wielding a +0 flail
              (7 damage)
             ... on level 1 of the Dungeon.
             The game lasted 00:02:31 (591 turns).

monsoonserge the Trooper (Ogre Cinder Acolyte)       Turns: 591, Time: 00:02:31

Health: -1/40      AC:  3    Str: 18    XL:     3   Next: 25%
Magic:  0/4        EV:  9    Int: 17    God:    Ignis [*****.]
Gold:   59         SH:  0    Dex:  4    Spells: 2/4 levels left

rFire   + . .        a - -1 mace (flame)
rCold   . . .        (no shield)
rNeg    . . .        b - +0 robe
rPois   .            (helmet restricted)
rElec   .            h - scarf {repulsion}
rCorr   .            (gloves unavailable)
SInv    .            (boots unavailable)
Will    .....        (no amulet)
Stlth   +            (no ring)
HPRegen 0.26/turn    (no ring)
MPRegen 0.09/turn

%: repel missiles
@: very slightly contaminated
A: large, unfitting armour, tough skin 1
a: Renounce Religion, Fiery Armour, Foxfire Swarm, Rising Flame


You were on level 1 of the Dungeon.
You worshipped Ignis.
Ignis was extremely pleased with you.
You visited 1 branch of the dungeon, and saw 2 of its levels.

You collected 59 gold pieces.

Inventory:

Hand Weapons
 a - a -1 mace of flaming (weapon)
Armour
 b - a +0 robe (worn)
 h - a scarf of repulsion (worn)
Scrolls
 d - a scroll of teleportation {unknown}
 g - a scroll of immolation {unknown}
 i - a scroll of fog {unknown}
Potions
 c - a potion of experience {unknown}
 e - a potion of flight {unknown}
 f - a potion of cancellation {unknown}


   Skills:
 + Level 4.6 Fighting
 + Level 3.2 Maces & Flails
 + Level 1.2 Spellcasting
 + Level 3.0 Fire Magic


You had 2 spell levels left.
You knew the following spells:

 Your Spells              Type           Power      Damage    Failure   Level
a - Scorch                Fire           22%        2d6       9%          2

Your spell library contained the following spells:

 Spells                   Type           Power      Damage    Failure   Level


Dungeon Overview and Level Annotations

Branches:
Dungeon (2/15)

Altars:

Annotations:
D:1 Terence


Innate Abilities, Weirdness & Mutations

You are too large for most types of armour.
You have tough skin. (AC +1)


Message History

You hit the hobgoblin. You burn the hobgoblin.
You kill the hobgoblin!
Terence barely misses you.
You climb upwards.
There is a stone staircase leading down here.
You hit Terence. You burn Terence.
Terence is lightly wounded.
Terence closely misses you.
You barely miss Terence.
Terence is lightly wounded.
Terence hits you with a +0 flail. x2
You hit Terence but do no damage.
Terence is lightly wounded.
Terence barely misses you.
You hit Terence but do no damage.
Terence is lightly wounded.
Terence hits you with a +0 flail.
You hit Terence but do no damage.
Terence is lightly wounded.
Terence hits you with a +0 flail.
You barely miss Terence.
Terence is lightly wounded.
Terence hits you with a +0 flail! x2
* * * LOW HITPOINT WARNING * * *
Casting: Scorch (safe; 9% risk of failure)
Confirm with . or Enter, or press ? or * to list all spells.
You miscast Scorch.
You are very lightly contaminated with residual magic.
Nothing appears to happen.
Terence closely misses you.
Unknown command.
Casting: Scorch (safe; 9% risk of failure)
Confirm with . or Enter, or press ? or * to list all spells.
Flames lash Terence.
Terence is severely wounded.
Terence's fire resistance burns away.
Terence hits you with a +0 flail!
* * * LOW HITPOINT WARNING * * *
You hit Terence. You burn Terence.
Terence is severely wounded.
Terence hits you with a +0 flail!
You die...

####..#.###.# #......##..
#.........#.# #.#.#.....#
#.......#.#.# #...#.##...
#.......#.#.###..##.#####
#.......#.#..##.###.#
#.......#.)#....###.#
#.......##..........#
#.......##..#.#..########
####...@@.....#.######...
#.......#.......†.....
#..............##.....
#........(..##..#.....
#......##..####....>..
####..####..# ##.#....
#......# #..# #......
#......# #..# #......
#......# #..# #......


You could see Terence (combustible).

Vanquished Creatures
  3 ball pythons (D:1)
  5 bats (D:1)
  3 endoplasms (D:1)
  2 giant cockroaches (D:1)
  3 goblins (D:1)
  4 hobgoblins
  A kobold (D:1)
  A quokka (D:1)
  2 frilled lizards (D:1)
  4 rats (D:1)
28 creatures vanquished.

Notes
Turn   | Place    | Note
-------+----------+-------------------------------------------
     0 | D:1      | monsoonserge the Ogre Cinder Acolyte began the quest for
                  | the Orb.
     0 | D:1      | Reached XP level 1. HP: 24/24 MP: 2/2
    82 | D:1      | Reached XP level 2. HP: 32/32 MP: 3/3
    85 | D:1      | Learned a level 2 spell: Scorch
   358 | D:1      | Reached XP level 3. HP: 39/40 MP: 4/4
   575 | D:2      | Noticed Terence
   591 | D:1      | Slain by Terence

Illustrated notes

Levels and vault maps discovered:
D:1:      dpeg_arrival_tiny_i, layout_rooms
D:2:      layout_loops_cross, uniq_terence

Skill      XL: |  1  2 |
---------------+-------+-----
Maces & Flails | 3 |  3.2
Fire Magic     | 3 |  3.0
Fighting       | |  4.6
Spellcasting   | |  1.2

Action                     || total
---------------------------++-------
  Melee: Mace              ||    98
   Cast: Scorch            ||     1
 Armour: Robe              ||    38
  Dodge: Dodged            ||    61
